 Dungeon Crawl Stone Soup version 0.32-a0-699-g1ee5eff69a (webtiles) character file.

Game seed: 10051672459860610227

21805 smashvw the Fighter (level 12, -3/67 HPs)
             Began as a Vine Stalker Berserker on Mar 14, 2024.
             Was a High Priest of Trog.
             Slain by a polar bear (8 damage)
             ... in an ice cave.
             The game lasted 00:36:43 (12403 turns).

smashvw the Fighter (Vine Stalker Berserker)       Turns: 12403, Time: 00:36:44

Health: -3/67      AC: 25    Str: 22    XL:     12   Next: 93%
Magic:  0/13       EV:  2    Int:  7    God:    Trog [*****.]
Gold:   563        SH: 12    Dex: 17    Spells: 11/11 levels left

rFire   . . .        v - +4 rapier
rCold   + . .        y - +0 kite shield
rNeg    . . .        I - +2 crystal plate armour {rC+}
rPois   .            e - +0 helmet
rElec   .            (no cloak)
rCorr   .            s - +2 pair of gloves
SInv    +            (no boots)
Will    +....        t - amulet of regeneration Stlth
                     D - ring of see invisible
HPRegen 1.91/turn    (no ring)
MPRegen 0.13/turn

%: guardian spirit
@: on berserk cooldown, slowed, invisible, very slow
A: fangs 3, regeneration 1, magic shield, antimagic bite, no potion heal 2
a: Renounce Religion, Berserk, Trog's Hand, Brothers in Arms


You were in an ice cave.
You worshipped Trog.
Trog was extremely pleased with you.
You visited 2 branches of the dungeon, and saw 13 of its levels.
You also visited: Sewer and Ice Cave.

You collected 563 gold pieces.

Inventory:

Hand Weapons
 v - a +4 rapier (weapon)
 A - a +0 dagger of draining
Armour
 e - a +0 helmet (worn)
 s - a +2 pair of gloves (worn)
 y - a +0 kite shield (worn)
 F - a +3 scale mail
 I - a +2 crystal plate armour of cold resistance (worn)
Jewellery
 r - a ring of magical power
 t - an amulet of regeneration (around neck)
 w - an amulet of magic regeneration
 D - a ring of see invisible (left hand)
Wands
 p - a wand of roots (2) (quivered)
 C - a wand of paralysis (11)
 H - a wand of polymorph (6)
Scrolls
 b - a scroll of amnesia
 c - a scroll of summoning
 d - 2 scrolls of noise
 g - a scroll of fog
 j - 5 scrolls of teleportation
 q - 3 scrolls of vulnerability
 u - a scroll of fear
 z - a scroll of blinking
Potions
 a - 2 potions of brilliance
 f - 4 potions of haste
 h - a potion of degeneration
 i - a potion of enlightenment
 k - 4 potions of curing {unknown}
 l - 3 potions of might
 m - 3 potions of lignification
 n - 6 potions of ambrosia
 o - a potion of mutation {unknown}
 B - 4 potions of invisibility
 E - a potion of attraction {unknown}
 G - a potion of resistance {unknown}


   Skills:
 - Level 10.0 Fighting
 - Level 10.0 Short Blades
 + Level 8.2 Armour
 - Level 1.5 Dodging
 - Level 6.0 Stealth
 - Level 10.0 Shields
 - Level 3.0 Evocations


You had 11 spell levels left.
You didn't know any spells.
Your spell library was empty.

Dungeon Overview and Level Annotations

Branches:
Dungeon (11/15)            Temple (0/1) D:5            Lair (2/5) D:11
  Swamp (0/4) Lair:2          Orc (0/2) D:11          Sewer (visited)
  IceCv (1/1)
  Snake: Lair:2-3    Spider: Lair:2-3

Altars:
Dithmenos
Kikubaaqudgha
Makhleb
Qazlal
Ru
Uskayaw
Wu Jian
Zin

Shops:
D:8 (

Annotations:
D:4 2 transporters, 2 runed translucent doors, Griffin23's ghost, amateur MiFi


Innate Abilities, Weirdness & Mutations

You have razor-sharp teeth.
Your natural rate of healing is unusually fast.
When hurt, damage is shared between your health and your magic reserves.
Your bite disrupts and absorbs the magic of your enemies.
Potions cannot restore your health.


Message History

The polar bear claws you but does no damage.
The polar bear is engulfed in freezing vapours.
You block the polar bear's attack.
The polar bear claws you but does no damage.
You block the polar bear's attack.
You hit the polar bear but do no damage.
The polar bear is lightly wounded.
You are engulfed in freezing vapours.
You resist.
The polar bear is engulfed in freezing vapours.
You block the polar bear's attack.
The polar bear claws you but does no damage. x2
You puncture the polar bear! You bite the polar bear. You drain its power.
You feel invigorated.
The polar bear is heavily wounded.
You are engulfed in freezing vapours.
You resist.
The polar bear is engulfed in freezing vapours.
The polar bear goes berserk!
You hit the polar bear.
The polar bear is severely wounded.
You are engulfed in freezing vapours.
You resist.
The polar bear is engulfed in freezing vapours.
The polar bear bites you! You block the polar bear's attack. x2
The polar bear is engulfed in freezing vapours.
The polar bear bites you!
* * * LOW HITPOINT WARNING * * *
You block the polar bear's attack.
The polar bear claws you but does no damage.
Okay, then.
Okay, then.
Okay, then.
You fade into invisibility!
You are engulfed in freezing vapours.
You resist.
* * * LOW HITPOINT WARNING * * *
The polar bear is engulfed in freezing vapours.
The polar bear barely misses you. The polar bear claws you.
* * * LOW HITPOINT WARNING * * *
You block the polar bear's attack.
The polar bear is engulfed in freezing vapours.
The polar bear bites you!
You die...

## ##. #..
#..## #...#
#..## #####..##
##.##.#..##
#.#..#.§@.#
##.#.##§h##
#[#.##.°#§....#
#####..####.#[.
##.## # ##..#
#...## ##...#
#...##


You could see a polar bear (berserk, unable to see you).

Vanquished Creatures
  An eleionoma (Lair:2)
  3 boulder beetles
  A cyclops (D:11)
  2 manticores
  A black mamba (Lair:1)
  2 cane toads (Lair:1)
  A kobold demonologist (D:10)
  4 komodo dragons
  3 rime drakes
  2 polar bears (IceCv)
  A queen bee (D:9)
  4 trolls
  3 blink frogs (Lair:1)
  Sigmund (D:3)
  A shadow (D:11)
  2 wyverns
  5 basilisks
  A wraith (D:10)
  35 yaks
  Menkaure (D:5)
  An acid dragon (D:9)
  7 water moccasins
  An ice beast (D:6)
  2 sky beasts
  An orc warrior (D:9)
  4 black bears
  9 wolves
  An ogre (D:5)
  5 phantoms
  2 kobold brigands
  10 bullfrogs
  A gnoll sergeant (D:5)
  A scorpion (D:6)
  7 wights
  19 killer bees (D:9)
  3 electric eels (D:9)
  A howler monkey (D:11)
  A bombardier beetle (D:6)
  A centaur zombie (D:4)
  2 bullfrog zombies (D:4)
  3 hounds
  A human zombie (D:4)
  10 orc priests
  A gnoll bouda (D:6)
  6 jellies
  Terence (D:3)
  A sleepcap (D:7)
  4 iguanas
  Natasha (D:2)
  11 orc wizards
  Ijyb (D:3)
  2 scorpion zombies (D:4)
  Robin (D:3)
  10 gnolls
  12 adders
  4 river rats
  2 shadow imps
  A white imp (D:6)
  An adder skeleton (D:4)
  An adder zombie (D:4)
  2 dart slugs
  2 ribbon worms
  45 orcs
  16 endoplasms
  8 giant cockroaches
  10 goblins
  6 hobgoblins
  7 jackals
  5 quokkas
  9 ball pythons
  2 bats
  5 frilled lizards
  18 kobolds
  12 rats
374 creatures vanquished.

Notes
Turn   | Place    | Note
-------+----------+-------------------------------------------
     0 | D:1      | smashvw the Vine Stalker Berserker began the quest for the
                  | Orb.
     0 | D:1      | Reached XP level 1. HP: 11/11 MP: 2/2
   176 | D:1      | Reached skill level 1 in Stealth
   200 | D:1      | Reached XP level 2. HP: 13/16 MP: 1/3
   272 | D:1      | Reached XP level 3. HP: 20/20 MP: 4/4
   372 | D:1      | Reached ** piety under Trog
   608 | D:2      | Found a faded altar of an unknown god.
   723 | D:2      | Reached XP level 4. HP: 14/24 MP: 2/5
   932 | D:2      | Noticed Natasha
   940 | D:2      | Killed Natasha
  1067 | D:3      | Noticed Sigmund
  1085 | D:3      | Killed Sigmund
  1086 | D:3      | Reached XP level 5. HP: 16/29 MP: 3/6
  1086 | D:3      | Reached XP level 6. HP: 19/33 MP: 3/7
  1236 | D:3      | Noticed Robin
  1254 | D:3      | Killed Robin
  1330 | D:3      | Noticed Ijyb
  1350 | D:3      | Killed Ijyb
  1603 | D:3      | Found a stormy altar of Qazlal.
  1922 | D:3      | Noticed Terence
  1947 | D:3      | Killed Terence
  2173 | D:4      | Found a transporter.
  2179 | D:4      | Found a shadowy altar of Dithmenos.
  2277 | D:4      | Reached skill level 5 in Stealth
  2284 | D:4      | Reached XP level 7. HP: 16/38 MP: 3/8
  2336 | D:4      | Found a runed translucent door.
  2337 | D:4      | Noticed Griffin23's ghost (amateur MiFi)
  2367 | D:4      | Reached *** piety under Trog
  2394 | D:4      | Found an ancient bone altar of Kikubaaqudgha.
  2422 | D:4      | Reached skill level 5 in Fighting
  2442 | D:4      | Reached skill level 5 in Short Blades
  2485 | D:4      | Gained mutation: You have razor-sharp teeth. [Vine Stalker
                  | growth]
  2485 | D:4      | Reached XP level 8. HP: 44/44 MP: 9/9
  2712 | D:4      | Found a transporter.
  2936 | D:4      | Found a runed translucent door.
  3255 | D:5      | Entered Level 5 of the Dungeon
  3313 | D:5      | Noticed Menkaure
  3321 | D:5      | Killed Menkaure
  3513 | D:5      | Found a burning altar of Makhleb.
  3839 | D:5      | Reached skill level 1 in Shields
  4101 | D:5      | Reached **** piety under Trog
  4145 | D:5      | Found a staircase to the Ecumenical Temple.
  4278 | D:5      | Found a sacrificial altar of Ru.
  4589 | D:6      | Reached XP level 9. HP: 49/49 MP: 8/10
  4960 | D:6      | Found a glowing drain.
  5036 | Sewer    | Entered a sewer
  5125 | Sewer    | Reached ***** piety under Trog
  5298 | Sewer    | Found a viscous altar of Jiyva.
  5533 | D:6      | Found a glowing silver altar of Zin.
  6472 | D:8      | Found Sadasyt's Weapon Shop.
  6703 | D:8      | Reached XP level 10. HP: 55/56 MP: 9/11
  7094 | D:8      | Reached skill level 5 in Shields
  7389 | D:9      | You fall into a shaft and drop 2 floors!
  7413 | D:11     | Noticed a boulder beetle
  7492 | D:11     | Killed a boulder beetle
  7514 | D:11     | Noticed a cyclops
  7567 | D:11     | Killed a cyclops
  7775 | D:11     | Found a staircase to the Lair.
  7829 | D:11     | Reached XP level 11. HP: 58/62 MP: 12/12
  8025 | D:11     | Received a gift from Trog
  8083 | D:11     | Noticed a manticore
  8086 | D:10     | Entered Level 10 of the Dungeon
  8723 | D:9      | Reached skill level 1 in Evocations
  8808 | D:9      | Reached skill level 10 in Fighting
  9140 | D:9      | Reached skill level 10 in Short Blades
  9884 | D:10     | Noticed a boulder beetle
  9889 | D:10     | Killed a boulder beetle
  9905 | D:10     | Received a gift from Trog
 10045 | D:10     | Noticed a manticore
 10060 | D:10     | Killed a manticore
 10341 | D:11     | Killed a manticore
 10342 | D:11     | Reached XP level 12. HP: 42/67 MP: 9/13
 10443 | D:11     | Found a staircase to the Orcish Mines.
 10694 | Lair:1   | Entered Level 1 of the Lair of Beasts
 10821 | Lair:1   | Reached skill level 5 in Armour
 11594 | Lair:1   | Found a hide-covered altar of Uskayaw.
 11594 | Lair:1   | Noticed a boulder beetle
 11684 | Lair:1   | Killed a boulder beetle
 11685 | Lair:1   | Reached skill level 10 in Shields
 11858 | Lair:1   | Found an ornate altar of the Wu Jian Council.
 12164 | Lair:2   | Noticed an eleionoma
 12164 | Lair:2   | Found a staircase to the Swamp.
 12188 | Lair:2   | Killed an eleionoma
 12252 | Lair:2   | Found a frozen archway.
 12278 | IceCv    | Entered an ice cave
 12403 | IceCv    | Slain by a polar bear

Illustrated notes

Levels and vault maps discovered:
D:1:      scummos_arrival_simple_crosswalls, layout_rooms, grunt_decor_cap,
          minmay_cut_off
D:2:      layout_rooms, ebering_ecumenical_altar_hall, uniq_natasha
D:3:      layout_basic, lemuel_doored_altar, uniq_robin, uniq_terence,
          uniq_ijyb, uniq_sigmund
D:4:      layout_cave_pods, lemuel_mausoleum_altar_kikubaaqudgha,
          gammafunk_temple_overflow_arena, ebering_ghost_sewer_f
D:5:      layout_loops_ring, mainiacjoe_overflow_large_starburst,
          minmay_temple_entry_hall, chequers_big_river, uniq_menkaure
D:6:      layout_cave_pools, zin_scriptorium, gup_sewer_entry_spiral
D:7:      layout_cave_pools
D:8:      layout_gridville, serial_shops, nicolae_shop_bloodbath_and_beyond
D:9:      lemuel_slime, layout_basic, special_room [special_room_bee]
D:10:     layout_gridville
D:11:     layout_cave_pods, due_lair_maze_entry_diamond, orc_0_dummy
Lair:1:   layout_cave_pods, nzn_masters_of_martial_movement, grunt_megastairs_4,
          serial_bayou_shore_b
Lair:2:   layout_hall_layers, alex1729_swamp_entry_worm_eleionoma,
          nicolae_spider_entry_tight_spaces, special_room, portal_ice_cave_rime,
          beast_lair_carwin_7
IceCv:    ice_cave_caverns_02

Skill      XL: |  1  2  3  4  5  6  7  8  9 10 11 12 |
---------------+-------------------------------------+-----
Stealth        | 1 2 4 5 6 |  6.0
Fighting       | 3 4 5 6 8 9 10 | 10.0
Short Blades   | 3 4 5 6 8 9 10 | 10.0
Shields        | 2 4 6 8 10 | 10.0
Evocations     | 3 |  3.0
Armour         | 4 8 |  8.2
Dodging        | |  1.5

Action                     |  1- 3 |  4- 6 |  7- 9 | 10-12 || total
---------------------------+-------+-------+-------+-------++-------
  Melee: Short sword       |    87 |   137 |   160 |       ||   384
         Bite              |    19 |    39 |   213 |   340 ||   611
         Dagger            |       |       |   462 |   241 ||   703
         Rapier            |       |       |       |   736 ||   736
 Invoke: Berserk           |       |     4 |     5 |     6 ||    15
  Evoke: Wand              |       |       |       |    12 ||    12
    Use: Scroll            |       |       |     9 |    13 ||    22
         Potion            |       |       |     1 |     2 ||     3
   Stab: Sleeping          |     5 |     3 |     7 |       ||    15
         Paralysed         |       |       |       |     2 ||     2
 Armour: Animal skin       |    55 |    94 |    47 |       ||   196
         Plate armour      |       |       |   382 |   663 ||  1045
         Crystal plate arm |       |       |       |    64 ||    64
  Dodge: Dodged            |    40 |    69 |   113 |   142 ||   364
  Block: Kite shield       |       |       |    48 |   539 ||   587

Table legend: (Time is in decaauts)
 A = Elapsed time spent in this place.
 B = Non-inter-level travel time spent in this place.
 C = Inter-level travel time spent in this place.
 D = Time resting spent in this place.
 E = Time spent auto-exploring this place.
 F = Levels seen in this place.
 G = Mean time per level.
                   A        B        C        D        E       F      G
               +--------+--------+--------+--------+--------+-----+--------+
         Total |  12217 |  11439 |    778 |    822 |   7870 |  15 |  814.5 |
       Dungeon |  10231 |   9494 |    737 |    577 |   6840 |  11 |  930.1 |
          Lair |   1536 |   1495 |     41 |    244 |    818 |   2 |  768.0 |
         Sewer |    340 |    340 |      0 |      0 |    184 |   1 |  340.0 |
      Ice Cave |    109 |    109 |      0 |      0 |     28 |   1 |  109.0 |
               +--------+--------+--------+--------+--------+-----+--------+

Top non-repeatable levels by time:
  Lair:1: 1415 daAuts
     D:9: 1393 daAuts
     D:3: 1266 daAuts
     D:4: 1151 daAuts
    D:11: 1032 daAuts
     D:5: 1027 daAuts
     D:6: 996 daAuts
     D:8: 912 daAuts
    D:10: 802 daAuts
     D:1: 586 daAuts
     D:7: 550 daAuts
     D:2: 512 daAuts
   Sewer: 340 daAuts
  Lair:2: 121 daAuts
   IceCv: 109 daAuts
